 Dungeon Crawl Stone Soup version 0.25.0-11-g1f837a7 (webtiles) character file.

Game seed: 6452788221062529620

128017 XxsatanxX the Severer (level 17, -1/162 HPs)
             Began as a Hill Orc Berserker on June 27, 2020.
             Was the Champion of Trog.
             Blown up by an orb spider (41 damage)
             ... with an orb of destruction
             ... on level 3 of the Spider Nest on June 28, 2020.
             The game lasted 01:25:10 (34144 turns).

XxsatanxX the Severer (Hill Orc Berserker)         Turns: 34144, Time: 01:25:11

Health: -1/162     AC: 36    Str: 22    XL:     17   Next: 2%
Magic:  18/18      EV: 15    Int:  7    God:    Trog [******]
Gold:   1214       SH:  0    Dex: 22    Spells: 16/16 levels left

rFire    . . .     SeeInvis +   O - +10 battleaxe of Goajeh {flame, +Inv MR+ Dex+7}
rCold    . . .     Gourm    .   (shield currently unavailable)
rNeg     . . .     Faith    .   K - +4 plate armour
rPois    .         Spirit   .   i - +2 helmet {SInv}
rElec    .         Reflect  +   q - +1 cloak
rCorr    .         Harm     .   y - +0 pair of gloves
MR       ++...                  j - +2 pair of boots
Stlth    ..........             T - amulet of reflection
HPRegen  0.37/turn              Z - +4 ring of protection
MPRegen  0.16/turn              W - +4 ring of slaying

@: confused, lethally poisoned (-1 -> -25)
A: no striking features
a: Berserk, Trog's Hand, Brothers in Arms, Renounce Religion, Evoke Invisibility


You were on level 3 of the Spider Nest.
You worshipped Trog.
Trog was exalted by your worship.
You were hungry.

You visited 5 branches of the dungeon, and saw 27 of its levels.
You visited the Abyss 1 time.
You also visited: Ice Cave.

You collected 3020 gold pieces.
You spent 1806 gold pieces at shops.

Inventory:

Hand Weapons
 a - a +0 executioner's axe of freezing
 O - the +10 battleaxe of Goajeh (weapon) {flame, +Inv MR+ Dex+7}
   (Trog gifted it to you on level 1 of the Spider Nest)

   It has been specially enchanted to burn those struck by it, causing extra
   injury to most foes and up to half again as much damage against particularly
   susceptible opponents.
   Big, fiery blades are also staple armaments of hydra-hunters.
   It affects your dexterity (+7).
   It affects your resistance to hostile enchantments.
   It lets you turn invisible.
Missiles
 l - 14 atropa-tipped darts (quivered)
 A - 4 throwing nets
Armour
 i - a +2 helmet of see invisible (worn)
 j - a +2 pair of boots (worn)
 q - a +1 cloak (worn)
 y - a +0 pair of gloves (worn)
 K - a +4 plate armour (worn)
Jewellery
 p - an uncursed ring of protection from cold
 r - an uncursed amulet of the acrobat
 F - an uncursed ring of protection from fire
 H - an uncursed ring of see invisible
 J - an uncursed ring of positive energy
 L - an uncursed ring of protection from magic
 N - a +6 ring of strength
 R - an uncursed ring of resist corrosion
 T - an amulet of reflection (around neck)
 W - a +4 ring of slaying (right hand)
 Z - a +4 ring of protection (left hand)
Wands
 m - a wand of iceblast (1)
 o - a wand of acid (21)
 u - a wand of polymorph (30)
 D - a wand of disintegration (25)
 E - a wand of flame (48)
 I - a wand of paralysis (2)
 P - a wand of digging (3)
 Y - a wand of enslavement (7)
Scrolls
 d - a scroll of silence
 e - 2 scrolls of fog
 f - 14 scrolls of remove curse
 h - 5 scrolls of magic mapping
 n - 6 scrolls of teleportation
 t - 5 scrolls of blinking
 v - 3 scrolls of fear
 w - 5 scrolls of enchant weapon
 x - 4 scrolls of noise
 z - a scroll of brand weapon
 G - a scroll of summoning
 U - 2 scrolls of immolation
Potions
 b - 4 potions of flight
 g - 8 potions of lignification
 s - a potion of cancellation
 B - 8 potions of curing
 C - 4 potions of might
 M - 2 potions of haste
 S - 2 potions of mutation {unknown}
 V - a potion of magic {unknown}
 X - a potion of invisibility {unknown}
Miscellaneous
 Q - a tin of tremorstones (3/3)
Comestibles
 c - 24 rations


   Skills:
 * Level 17.6 Fighting
 + Level 20.7 Axes
 * Level 14.8 Armour
 + Level 11.4 Dodging
   Level 4.0 Shields
 - Level 1.5 Evocations


You had 16 spell levels left.
You didn't know any spells.
Your spell library was empty.

Dungeon Overview and Level Annotations

Branches:
Dungeon (15/15)            Temple (1/1) D:5            Lair (6/6) D:10
  Swamp (0/4) Lair:4       Spider (3/4) Lair:4        Slime (0/5) Lair:6
    Orc (2/2) D:12            Elf (0/3) Orc:2        Vaults (0/5) D:14
 Depths (0/5) D:15          IceCv (visited)

Altars:
Cheibriados
Fedhas
Gozag
Kikubaaqudgha
Makhleb
Nemelex Xobeh
Qazlal
Ru
Uskayaw
Vehumet
Xom
Yredelemnul
Beogh

Shops:
D:5 *   D:11 ?   Orc:2 ?:[!

Annotations:
Lair:2 exclusion: 4 oklob plants


Message History

You are confused.
You slice the tarantella!! You burn the tarantella.
You kill the tarantella!
Trog accepts your kill.
You hit the redback. You burn the redback. You hit the redback.
You burn the redback. The redback bites you. The redback barely misses you.
The redback bites you!
You bump into the rock wall.
The redback barely misses you.
The redback bites you but does no damage.
The orb spider weaves a glowing orb of energy.
The redback bites you.
An orb of destruction comes into view.
Unknown command.
You bump into the rock wall.
The redback bites you but does no damage.
The redback bites you!
* * * LOW HITPOINT WARNING * * *
You are poisoned.
The redback poisons you! The orb of destruction hits you!!!
You die...

##....# .. #≈# #######
.....# ..^ ≈≈
^......##..^°####.... ####.
......†.###..#....##
###≈#..###......^.##.......#
#≈≈≈....^#####...†....○..!#
#≈≈#........##s.......°*....
#..###....ss○☼..#####.......
#.....>..=.@....# ....#..
##..^...^.####### ....# .
#.........# ^.###
##......#### #.. #<.†..^##
... #≈...### #≈#††≈# ####≈≈#
.≈#^..


You could see an orb spider and 2 redbacks.

Vanquished Creatures
  Arachne (Spider:2)
  Rupert (Lair:3)
  Roxanne (Spider:1)
  2 frost giants
  Donald (Spider:3)
  A ghost moth (Spider:3)
  Louise (D:14)
  2 emperor scorpions
  An entropy weaver (Spider:2)
  The ghost of dickylongcocking the Lord of Darkness, a journeyman DsVM of Kikubaaqudgha (Lair:6)
  A dire elephant (D:15)
  The ghost of Obrupiar the Protected, a journeyman DDFi of Makhleb (D:12)
  A fire dragon (D:15)
  Josephine (D:15)
  Harold (D:8)
  5 hydras
  Erolcha (Orc:2)
  A centaur warrior (D:15)
  3 catoblepae (Lair:6)
  An ogre mage (Orc:2)
  2 dancing weapons (D:14)
  The ghost of ythm the Blocker, a journeyman MfFi of Ru (Lair:1)
  6 death yaks
  5 two-headed ogres
  2 deep troll earth magi (D:14)
  2 thrashing horrors (Abyss:2)
  A deep elf knight (D:14)
  2 wretched stars (Abyss:2)
  The ghost of Steadysplat the Spear-Bearer, a novice MfGl of Okawaru (D:6)
  A sixfirhy (D:12)
  The ghost of ChodeyFoster the Cleaver, a novice DsBe of Trog (D:6)
  An unseen horror (D:10)
  A lindwurm (Lair:5)
  The ghost of Necrotucker the Skirmisher, a novice MiFi of Okawaru (D:6)
  A deep elf archer (D:14)
  2 orc knights
  4 orb spiders
  An ugly thing (D:11)
  A wizard (D:14)
  8 wolf spiders
  3 cyclopes
  4 oklob plants (Lair:6)
  9 orc sorcerers
  A salamander (D:15)
  5 elephants (Lair:5)
  2 large abominations (Abyss:2)
  3 manticores
  2 moths of wrath (Spider:2)
  Joseph (Lair:1)
  A black mamba (shapeshifter) (D:15)
  2 black mambas
  A centaur zombie (D:14)
  2 centaur skeletons (D:15)
  A gargoyle (D:13)
  The ghost of krigyl the Insei, a novice GnTm (D:6)
  7 orange demons
  2 torpor snails
  13 spiny frogs
  11 demonic crawlers
  2 rime drakes (IceCv)
  7 komodo dragons
  4 trolls
  A red devil (D:15)
  A hellwing (Abyss:2)
  13 jumping spiders
  16 polar bears
  An ancient zyme (Abyss:2)
  A tengu conjurer (D:14)
  A polar bear (shapeshifter) (D:15)
  9 blink frogs
  A shadow dragon simulacrum (Abyss:2)
  Prince Ribbit (D:5)
  A raiju (Abyss:2)
  3 hornets
  2 dream sheep (shapeshifter)
  7 hippogriffs
  3 small abominations (Abyss:2)
  3 shadows
  A spriggan (D:7)
  63 yaks
  A ynoxinul (Abyss:2)
  2 vampires
  44 redbacks
  Sigmund (D:2)
  4 wyverns
  7 wraiths
  12 tarantellas
  8 basilisks
  A neqoxec (Abyss:2)
  A hungry ghost (D:7)
  10 vampire mosquitoes
  3 wargs
  2 acid dragons
  Duvessa (D:6)
  11 water moccasins
  7 porcupines
  19 orc warriors
  5 ice beasts
  2 black bears
  2 necrophages
  3 sky beasts
  An eye of draining (D:10)
  6 ogres
  3 boggarts (D:15)
  30 wolves
  6 phantoms
  18 centaurs
  11 crocodiles
  3 big kobolds
  16 bullfrogs
  Dowan (D:6)
  A wyvern zombie (D:10)
  6 scorpions
  17 killer bees
  8 wights (D:12)
  5 howler monkeys (D:10)
  An electric eel (Spider:1)
  9 crimson imps
  A bullfrog zombie (D:9)
  9 hounds
  A quasit (D:6)
  13 orc priests
  2 jellies
  32 orc wizards
  4 bullfrog skeletons
  6 iguanas
  Ijyb (D:4)
  7 worker ants
  A killer bee zombie (D:5)
  A hound skeleton (D:11)
  A howler monkey zombie (D:6)
  Robin (D:4)
  9 gnolls
  16 adders
  A shadow imp (D:8)
  A white imp (Abyss:2)
  An ufetubus (Abyss:2)
  3 oozes
  4 worms
  A dart slug (D:2)
  7 leopard geckos
  78 orcs
  5 giant cockroaches
  12 goblins
  6 hobgoblins
  8 jackals (D:1)
  5 quokkas
  5 bats
  3 frilled lizards
  A giant cockroach zombie (D:5)
  25 kobolds
  A leopard gecko skeleton (D:4)
  A leopard gecko zombie (D:7)
  A quokka skeleton (D:8)
  11 rats
  A bush (D:4)
  2 fungi
  4 plants
864 creatures vanquished.

Vanquished Creatures (collateral kills)
  2 hydras
2 creatures vanquished.

Vanquished Creatures (others)
  An orc wizard (Orc:2)
  10 fungi
  8 plants
  2 withered plants (Lair:1)
21 creatures vanquished.

Grand Total: 887 creatures vanquished

Notes
Turn   | Place    | Note
-------+----------+-------------------------------------------
     0 | D:1      | XxsatanxX the Hill Orc Berserker began the quest for the
                  | Orb.
     0 | D:1      | Reached XP level 1. HP: 19/19 MP: 1/1
   147 | D:1      | Reached XP level 2. HP: 21/27 MP: 2/2
   300 | D:1      | Reached XP level 3. HP: 20/33 MP: 3/3
   528 | D:1      | Reached ** piety under Trog
   938 | D:2      | Reached XP level 4. HP: 21/41 MP: 4/4
  1545 | D:2      | Reached skill level 5 in Fighting
  1570 | D:2      | Noticed Sigmund
  1605 | D:2      | Killed Sigmund
  1605 | D:2      | Reached skill level 5 in Axes
  1605 | D:2      | Reached XP level 5. HP: 15/50 MP: 5/5
  1605 | D:2      | Reached XP level 6. HP: 17/57 MP: 6/6
  3082 | D:4      | Noticed Ijyb
  3109 | D:4      | Killed Ijyb
  3243 | D:4      | Reached XP level 7. HP: 46/64 MP: 7/7
  3401 | D:4      | Noticed Robin
  3409 | D:4      | Reached *** piety under Trog
  3412 | D:4      | Killed Robin
  3775 | D:4      | Reached skill level 6 in Axes
  3983 | D:4      | Found a sparkling altar of Nemelex Xobeh.
  4676 | D:5      | Entered Level 5 of the Dungeon
  4676 | D:5      | Noticed Prince Ribbit
  4902 | D:5      | Found a staircase to the Ecumenical Temple.
  4907 | D:5      | Found Xul Nirch's Lightly-Used Armoury.
  4944 | Temple   | Entered the Ecumenical Temple
  5222 | D:5      | Reached XP level 8. HP: 64/73 MP: 8/8
  5401 | D:5      | Killed Prince Ribbit
  5401 | D:5      | Reached skill level 7 in Axes
  5401 | D:5      | Reached skill level 5 in Armour
  5619 | D:5      | Found an opulent altar of Gozag.
  5701 | D:5      | Found a shimmering altar of Xom.
  5702 | D:5      | Found a burning altar of Makhleb.
  6024 | D:5      | Found a blossoming altar of Fedhas.
  6025 | D:5      | Found a sacrificial altar of Ru.
  6025 | D:5      | Found a snail-covered altar of Cheibriados.
  6041 | D:6      | Found a hide-covered altar of Uskayaw.
  6139 | D:6      | Noticed Duvessa
  6140 | D:6      | Noticed Dowan
  6156 | D:6      | Killed Duvessa
  6158 | D:6      | Killed Dowan
  6730 | D:6      | Reached XP level 9. HP: 77/83 MP: 9/9
  6738 | D:6      | Found an ancient bone altar of Kikubaaqudgha.
  6915 | D:6      | Found a runed translucent gate.
  6915 | D:6      | Found a runed translucent gate.
  6915 | D:6      | Found a runed translucent gate.
  6916 | D:6      | Noticed Steadysplat's ghost (novice MfGl)
  6916 | D:6      | Noticed krigyl's ghost (novice GnTm)
  6917 | D:6      | Noticed ChodeyFoster's ghost (novice DsBe)
  6917 | D:6      | Noticed Necrotucker's ghost (novice MiFi)
  7195 | D:7      | Reached **** piety under Trog
  7195 | D:7      | Reached skill level 8 in Axes
  7343 | D:7      | Reached skill level 10 in Fighting
  7736 | D:7      | Found a basalt altar of Yredelemnul.
  7931 | D:7      | Reached skill level 5 in Dodging
  8129 | D:8      | Noticed Harold
  8173 | D:8      | Killed Harold
  8173 | D:8      | Reached skill level 9 in Axes
  8173 | D:8      | Reached XP level 10. HP: 67/96 MP: 10/10
  9490 | D:9      | Reached ***** piety under Trog
  9490 | D:9      | Reached skill level 10 in Axes
  9753 | D:9      | Found a stormy altar of Qazlal.
 10143 | D:10     | Entered Level 10 of the Dungeon
 10160 | D:10     | Noticed an unseen horror
 10179 | D:10     | Killed an unseen horror
 10179 | D:10     | Reached XP level 11. HP: 79/104 MP: 11/11
 10332 | D:10     | Reached skill level 11 in Axes
 10737 | D:10     | Found a shimmering altar of Xom.
 10739 | D:10     | Found a shimmering altar of Xom.
 10739 | D:10     | Found a shimmering altar of Xom.
 10740 | D:10     | Found a shimmering altar of Xom.
 10761 | D:10     | Found a shimmering altar of Xom.
 10984 | D:10     | Found a staircase to the Lair.
 11223 | D:10     | Found a shimmering altar of Xom.
 11308 | Lair:1   | Entered Level 1 of the Lair of Beasts
 11831 | Lair:1   | Noticed Joseph
 11857 | Lair:1   | Killed Joseph
 12150 | Lair:1   | Reached skill level 12 in Axes
 12217 | Lair:1   | Found a runed translucent door.
 12218 | Lair:1   | Noticed ythm's ghost (journeyman MfFi)
 12547 | Lair:1   | Killed ythm's ghost
 12591 | Lair:2   | Paralysed by a hornet for 2 turns
 12881 | Lair:2   | Reached XP level 12. HP: 109/114 MP: 12/12
 12924 | Lair:2   | Reached skill level 1 in Shields
 13060 | Lair:2   | Reached skill level 13 in Axes
 13899 | Lair:3   | Noticed Rupert
 13929 | Lair:3   | Killed Rupert
 13929 | Lair:3   | Reached skill level 10 in Armour
 14653 | Lair:3   | Noticed an eight-headed hydra
 14680 | Lair:3   | Killed a 20-headed hydra
 14680 | Lair:3   | Reached skill level 14 in Axes
 15431 | Lair:4   | Found a staircase to the Swamp.
 15479 | Lair:4   | Noticed a six-headed hydra
 15498 | Lair:4   | Killed a 17-headed hydra
 15498 | Lair:4   | Reached XP level 13. HP: 122/122 MP: 13/13
 15868 | Lair:4   | Found a hole to the Spider Nest.
 15973 | Lair:4   | Reached skill level 15 in Axes
 16936 | Lair:6   | Entered Level 6 of the Lair of Beasts
 17656 | Lair:5   | Reached skill level 1 in Evocations
 18329 | Lair:6   | Reached skill level 16 in Axes
 18649 | Lair:6   | HP: 4/125 [catoblepas (21)]
 19034 | Lair:6   | Found a runed translucent door.
 19034 | Lair:6   | Noticed dickylongcocking's ghost (journeyman DsVM)
 19123 | Lair:5   | Reached XP level 14. HP: 111/133 MP: 15/15
 20543 | D:6      | Killed krigyl's ghost
 20569 | D:6      | Killed ChodeyFoster's ghost
 20569 | D:6      | Reached skill level 15 in Fighting
 20570 | D:6      | Killed Steadysplat's ghost
 20579 | D:6      | Killed Necrotucker's ghost
 20974 | D:11     | Reached skill level 17 in Axes
 21020 | D:11     | Received a gift from Trog
 21401 | D:11     | Found Zoen's Magic Scroll Boutique.
 21404 | D:11     | Bought a scroll of identify for 26 gold pieces
 21404 | D:11     | Bought 2 scrolls of teleportation for 78 gold pieces
 21404 | D:11     | Bought a scroll of identify for 26 gold pieces
 21407 | D:11     | Bought a scroll of teleportation for 39 gold pieces
 21407 | D:11     | Bought a scroll of teleportation for 39 gold pieces
 21651 | D:12     | Found a staircase to the Orcish Mines.
 21727 | D:12     | Found a runed translucent door.
 22120 | D:12     | Found a runed translucent gate.
 22185 | D:12     | You fall into a shaft and drop 2 floors!
 22432 | D:14     | Found a gate to the Vaults.
 22588 | D:14     | Noticed Louise
 22619 | D:14     | Killed Louise
 22720 | D:12     | Found a runed translucent gate.
 22720 | D:12     | Found a runed translucent gate.
 22722 | D:12     | Noticed Obrupiar's ghost (journeyman DDFi)
 22932 | D:12     | Found a roughly hewn altar of Beogh.
 22968 | D:12     | Killed Obrupiar's ghost
 23102 | Orc:1    | Entered Level 1 of the Orcish Mines
 23112 | D:12     | Reached skill level 18 in Axes
 23135 | Orc:1    | Found a frozen archway.
 23144 | IceCv    | Entered an ice cave
 23449 | IceCv    | Received a gift from Trog
 23455 | IceCv    | Reached skill level 10 in Dodging
 23461 | IceCv    | Reached XP level 15. HP: 143/143 MP: 16/16
 23656 | IceCv    | Noticed a frost giant
 23676 | IceCv    | Killed a frost giant
 24612 | Orc:2    | Entered Level 2 of the Orcish Mines
 24759 | Orc:2    | Found a staircase to the Elven Halls.
 24763 | Orc:2    | Reached ****** piety under Trog
 24780 | Orc:2    | Received a gift from Trog
 25157 | Orc:2    | Paralysed by an orc sorcerer for 4 turns
 25195 | Orc:2    | Found Vutuj's Magic Scroll Shoppe.
 25252 | Orc:2    | Bought a scroll of blinking for 112 gold pieces
 25252 | Orc:2    | Bought a scroll of blinking for 112 gold pieces
 25252 | Orc:2    | Bought a scroll of identify for 30 gold pieces
 25252 | Orc:2    | Bought a scroll of summoning for 142 gold pieces
 25281 | Orc:2    | Found Plog's Distillery.
 25288 | Orc:2    | Bought a potion of curing for 54 gold pieces
 25288 | Orc:2    | Bought a potion of curing for 54 gold pieces
 25288 | Orc:2    | Bought a potion of curing for 54 gold pieces
 25288 | Orc:2    | Bought a potion of curing for 54 gold pieces
 25288 | Orc:2    | Bought a potion of heal wounds for 90 gold pieces
 25301 | Orc:2    | Found an ancient bone altar of Kikubaaqudgha.
 25304 | Orc:2    | Paralysed by an orc sorcerer for 5 turns
 25319 | Orc:2    | Found Pojutov's Book Emporium.
 25376 | Orc:2    | Noticed Erolcha
 25382 | Orc:2    | Found a radiant altar of Vehumet.
 25387 | Orc:2    | Killed Erolcha
 25439 | Orc:2    | Found a roughly hewn altar of Beogh.
 25455 | Orc:2    | Found Cooll's Antique Armour Shoppe.
 25840 | Orc:2    | Bought an ichor-stained plate armour for 896 gold pieces
 25850 | Orc:2    | Identified the +2 plate armour of Ethegrei {Str+3} (You
                  | bought it in a shop on level 2 of the Orcish Mines)
 26221 | Lair:6   | Cast into level 2 of the Abyss (dickylongcocking's ghost)
 26253 | Abyss:2  | Reached skill level 19 in Axes
 26501 | Abyss:2  | Noticed a lich
 26517 | Abyss:2  | Found a corrupted altar of Lugonu.
 26999 | Lair:6   | Escaped the Abyss
 27029 | Lair:6   | Killed dickylongcocking's ghost
 27029 | Lair:6   | Received a gift from Trog
 27330 | Lair:6   | Found a staircase to the Slime Pits.
 28333 | D:14     | Noticed a frost giant
 28349 | D:14     | Killed a frost giant
 29067 | D:15     | Entered Level 15 of the Dungeon
 29306 | D:15     | Reached XP level 16. HP: 118/152 MP: 17/17
 29377 | D:15     | Noticed Josephine
 29390 | D:15     | Killed Josephine
 29698 | D:15     | Reached skill level 20 in Axes
 29700 | D:15     | Received a gift from Trog
 29859 | D:15     | Found a staircase to the Depths.
 30771 | Spider:1 | Entered Level 1 of the Spider Nest
 31288 | Spider:1 | Received a gift from Trog
 31300 | Spider:1 | Got a glimmering battleaxe {god gift}
 31300 | Spider:1 | Identified the +10 battleaxe of Goajeh {flame, +Inv MR+
                  | Dex+7} (Trog gifted it to you on level 1 of the Spider
                  | Nest)
 31597 | Spider:1 | Noticed Roxanne
 31640 | Spider:1 | Killed Roxanne
 32368 | Spider:2 | Noticed Arachne
 32386 | Spider:2 | Killed Arachne
 34090 | Spider:3 | Noticed Donald
 34099 | Spider:3 | Killed Donald
 34099 | Spider:3 | Reached XP level 17. HP: 106/162 MP: 11/18
 34144 | Spider:3 | Blown up by an orb spider

Illustrated notes

Levels and vault maps discovered:
D:1:      dpeg_arrival_court, layout_rooms
D:2:      layout_basic, uniq_sigmund
D:3:      layout_basic
D:4:      layout_loops_corners, nemelex_xobeh_ov_fountains_minmay,
          lexackson_kobold_supper, uniq_robin, uniq_ijyb
D:5:      layout_basic, grunt_temple_overflow_champion_of_chaos,
          nicolae_gozag_seed_capital, gammafunk_temple_overflow_claw,
          minmay_temple_entry_waves, first_ration, minmay_shop_damaged,
          uniq_prince_ribbit1
D:6:      layout_basic, lemuel_round_altar, kiku_gazebo_pond_becter,
          gammafunk_ghost_cemetery, kennysheep_boxes, uniq_duvessa
D:7:      layout_basic, nicolae_overflow_crystal_walls, the_bakery
D:8:      layout_basic, uniq_harold
D:9:      layout_loops_corners, lemuel_crystal_altar
D:10:     layout_small_grid, grunt_lair_entry_orc_guard_hut, xom_shifter_show
D:11:     layout_roguey, serial_shops, nicolae_shop_behind_doors
D:12:     cheibrodos_shockbox, layout_rooms, orc_david_3,
          biasface_ghost_orc_armoury
D:13:     layout_roguey, minmay_misc_feat_more_columns, uniq_frances
D:14:     minmay_octo_star, layout_basic, erik_vaults_1, uniq_louise
D:15:     hangedman_depths_entry_try_elsewhere_first, layout_loops_ring,
          minmay_beelzebubs_servants, uniq_josephine
Temple:   minmay_temple_curvy_loop
Lair:1:   layout_cave_pods, gammafunk_ghost_grave, serial_bayou_shore_b,
          uniq_joseph
Lair:2:   layout_cave_pods, minmay_lair_oklob_chamber
Lair:3:   layout_layer_cave, grunt_megastairs_4, uniq_rupert
Lair:4:   layout_roguey, minmay_swamp_entry_swarm, spider_nest_entry_web_field
Lair:5:   layout_regular_city
Lair:6:   evilmike_catoblepas_cave, layout_layer_cave,
          minmay_slime_entry_oklob_open, hellmonk_ghost_happy_afterlife
Spider:1: layout_spider_delve, worms_lemuel, uniq_roxanne
Spider:2: layout_spider_delve, uniq_arachne
Spider:3: layout_spider_delve, uniq_donald
Orc:1:    layout_caves, portal_ice_cave_entry_pillars_2
Orc:2:    kennysheep_orc_mage_school, layout_diamond_mine

Skill      XL: |  1  2  3  4  5  6  7  8  9 10 11 12 13 14 15 16 |
---------------+-------------------------------------------------+-----
Fighting       | 4 5 6 7 9 11 12 13 14 15 16 17 | 17.6
Dodging        | 2 3 4 5 6 7 8 9 10 11 | 11.4
Armour         | 3 4 5 7 8 9 10 11 12 13 14 | 14.8
Axes           | 5 6 7 9 10 12 14 16 18 19 20 | 20.7
Shields        | 4 |  4.0
Evocations     | 1 |  1.5

Action                   |  1- 3 |  4- 6 |  7- 9 | 10-12 | 13-15 | 16-18 || total
-------------------------+-------+-------+-------+-------+-------+-------++-------
Melee: Hand axe          |    96 |   235 |   713 |   941 |   571 |       ||  2556
       Broad axe         |       |       |       |       |   372 |       ||   372
       War axe           |       |       |       |       |    82 |       ||    82
       Battleaxe         |       |       |       |       |   353 |   301 ||   654
Throw: Dart              |       |       |       |       |     3 |       ||     3
Invok: Berserk           |     1 |     2 |     4 |     4 |    10 |     4 ||    25
       Trog's Hand       |       |     1 |     4 |     3 |    12 |     3 ||    23
       Brothers in Arms  |       |       |       |     2 |     5 |       ||     7
Evoke: Wand              |       |       |       |     6 |    14 |       ||    20
  Use: Scroll            |       |       |    12 |     3 |    18 |     4 ||    37
       Potion            |       |       |       |       |    11 |     1 ||    12
 Stab: Paralysed         |       |       |       |    11 |       |       ||    11
  Eat: Chunk             |     1 |     9 |    16 |    19 |    35 |    17 ||    97
       Ration            |       |       |     3 |     3 |     7 |     1 ||    14
Armor: Animal skin       |    20 |       |       |       |       |       ||    20
       Scale mail        |       |    88 |       |       |       |       ||    88
       Chain mail        |       |    26 |   284 |       |       |       ||   310
       Plate armour      |       |       |    12 |   513 |   571 |   338 ||  1434
Dodge: Dodged            |    82 |   110 |   253 |   357 |   490 |   246 ||  1538
Block: Other             |       |       |       |    24 |    57 |    94 ||   175
       Buckler           |       |       |       |    94 |   410 |       ||   504
       Reflection        |       |       |       |       |    27 |     1 ||    28
